cohdb
Replays
Latest Replays
All Replays
Popular Replays
Top Player Replays
Match Explorer
How It Works
Community
CoH3 Stats
Reddit
Sign in to upload your games and track your stats! →
Sign in with Steam
Match 42810283
Unlisted
Match 42810283
Overview
Messages
Build Orders
End
Construct Barracks
Selects Advanced Infantry Battlegroup
Riflemen Squad
Riflemen Squad
Riflemen Squad
Infantry Support Center
Selects Convert to Ranger Squad
Convert to Ranger Squad
Advanced Logistics
M1 Mortar Team
Selects Artillery Observers
Convert to Ranger Squad
Construct Motor Pool
Construct Weapon Support Center
Bazooka Squad
Improved M9 Bazooka Rockets
Bazooka Squad
Selects Designate Assault Position
Designate Assault Position
【PZV】幸运的雪风酱Ciallo~(∠・ω< )⌒★
Enceladus
Fugue_Heaven
Rolling9Deep
Joe™
Dave
0
0
Comments
sign in to comment!
No comments posted yet!